 Dungeon Crawl Stone Soup version 0.30-a0-639-g3916f1956a (webtiles) character file.

Game seed: 18204969480447106599

308 wormed the Cutter (level 6, -1/32 HPs)
             Began as a Vine Stalker Gladiator on Jan 16, 2023.
             Was a Priest of Uskayaw.
             Slain by an ogre
             ... wielding a +0 giant club
              (11 damage)
             ... on level 4 of the Dungeon.
             The game lasted 00:03:27 (2350 turns).

wormed the Cutter (Vine Stalker Gladiator)          Turns: 2350, Time: 00:03:28

Health: -1/32      AC: 10    Str: 19    XL:     6   Next: 40%
Magic:  0/7        EV:  8    Int:  8    God:    Uskayaw [***...]
Gold:   119        SH:  0    Dex: 15    Spells: 5/5 levels left

rFire   . . .      SeeInvis .    a - +1 rapier
rCold   . . .      Faith    .    (no shield)
rNeg    . . .      Spirit   +    j - +0 chain mail
rPois   .          Reflect  .    c - +1 helmet
rElec   .          Harm     .    (no cloak)
rCorr   .          Rampage  .    (no gloves)
Will    .....                    (no boots) Stlth
                                 i - amulet of magic regeneration
HPRegen 1.05/turn                (no ring)
MPRegen 0.50/turn                (no ring)

@: no status effects
A: fangs 2, regeneration 1, magic shield, antimagic bite, no potion heal 2
a: Renounce Religion, Stomp, Line Pass


You were on level 4 of the Dungeon.
You worshipped Uskayaw.
Uskayaw was noncommittal.
You visited 1 branch of the dungeon, and saw 4 of its levels.

You collected 119 gold pieces.

Inventory:

Hand Weapons
 a - a +1 rapier (weapon)
Missiles
 d - 3 throwing nets (quivered)
 e - a javelin
Armour
 c - a +1 helmet (worn)
 j - a +0 chain mail (worn)
Jewellery
 i - an amulet of magic regeneration (around neck)
Scrolls
 n - a scroll of enchant armour
Potions
 b - 4 potions of haste
 f - a potion of lignification
 g - a potion of berserk rage
 h - 3 potions of curing
 l - 2 potions of brilliance {unknown}
 m - a potion of mutation {unknown}
 o - 2 potions of attraction {unknown}


   Skills:
 + Level 3.0 Fighting
 + Level 3.7 Short Blades
 - Level 1.7 Throwing
 + Level 1.9 Armour
 + Level 3.3 Dodging
 + Level 2.3 Shields
 + Level 0.6 Invocations


You had 5 spell levels left.
You didn't know any spells.
Your spell library contained the following spells:

 Spells                   Type           Power      Damage    Failure   Level
 Ignite Poison            Fire/Tmut/Pois 0%         N/A       100%        3
 Kindle Blastsparks       Fire/Tloc/Air  0%         2d10      100%        3
 Freezing Cloud           Conj/Ice/Air   0%         6-21      100%        5


Dungeon Overview and Level Annotations

Branches:
Dungeon (4/15)
 Temple: D:4-7

Altars:
Trog
Uskayaw


Innate Abilities, Weirdness & Mutations

You have extremely sharp teeth.
Your natural rate of healing is unusually fast.
When hurt, damage is shared between your health and your magic reserves.
Your bite disrupts and absorbs the magic of your enemies.
Potions cannot restore your health.


Message History

You feel invigorated.
The hound is moderately wounded.
The hound bites you but does no damage. The ogre barely misses you.
The hound bites you but does no damage.
An endoplasm comes into view.
You completely miss the hound.
The hound is moderately wounded.
The hound bites you but does no damage. The orc barely misses you.
The ogre closely misses you.
You closely miss the hound.
The hound is moderately wounded.
The hound bites you. The hound barely misses you.
The orc hits you with a +0 morningstar.
You miss the hound. Your bite misses the hound.
The hound is moderately wounded.
The hound barely misses you. The ogre closely misses you.
The endoplasm freezes you.
You are frozen.
The orc hits you with a +0 morningstar.
* * * LOW HITPOINT WARNING * * *
You hit the hound. You bite the hound. You drain its power.
You feel invigorated.
The hound is severely wounded.
The hound closely misses you. x2; The endoplasm hits you.
The orc barely misses you. The ogre closely misses you.
Uskayaw will force your foes to helplessly watch your dance.
Uskayaw prepares the audience for your solo!
The helpless ogre fails to defend itself.
You puncture the ogre! You bite the ogre. You drain its power.
You feel invigorated.
The ogre is severely wounded.
The hound is no longer paralysed.
The ogre is no longer paralysed.
The endoplasm is no longer paralysed.
The black bear is no longer paralysed.
The hound bites you. The endoplasm freezes you.
You are frozen.
The hound bites you but does no damage.
You hit the ogre.
The ogre is severely wounded.
The endoplasm is no longer paralysed.
The orc is no longer paralysed.
The ogre hits you with a +0 giant club!
You die...

# ....# .##
..... .#. .....
.. ...#
##.##.J###.
#####..........
#......o†...#..
#.....O@.......
......Jh.....#.
.##....h.....#
###..##..$...
... ...... ....
...... .....
..... ......
.....


You could see a black bear, an ogre, a hound, an orc and 2 endoplasms.

Vanquished Creatures
  4 orc priests (D:3)
  2 orc wizards (D:3)
  A river rat (D:3)
  3 adders
  2 worms (D:2)
  5 dart slugs
  9 orcs (D:3)
  7 ball pythons
  3 bats
  6 endoplasms
  2 giant cockroaches
  11 goblins
  6 hobgoblins
  7 jackals
  3 kobolds
  A quokka (D:3)
  4 frilled lizards
  8 rats
84 creatures vanquished.

Notes
Turn   | Place    | Note
-------+----------+-------------------------------------------
     0 | D:1      | wormed the Vine Stalker Gladiator began the quest for the
                  | Orb.
     0 | D:1      | Reached XP level 1. HP: 11/11 MP: 2/2
    71 | D:1      | Found a faded altar of an unknown god.
   148 | D:1      | Prayed at the altar of an unknown god.
   148 | D:1      | Became a worshipper of Uskayaw the Reveller
   148 | D:1      | Reached * piety under Uskayaw
   231 | D:1      | Reached XP level 2. HP: 14/15 MP: 1/3
   239 | D:1      | Reached ** piety under Uskayaw
   246 | D:1      | Reached *** piety under Uskayaw
   473 | D:1      | Reached XP level 3. HP: 18/18 MP: 4/4
   955 | D:2      | Reached skill level 1 in Shields
  1127 | D:2      | Reached skill level 1 in Armour
  1159 | D:2      | You fall into a shaft and drop 1 floor!
  1292 | D:2      | Gained mutation: Your natural rate of healing is unusually
                  | fast. [Vine Stalker growth]
  1292 | D:2      | Reached XP level 4. HP: 23/23 MP: 5/5
  1716 | D:3      | Reached **** piety under Uskayaw
  1765 | D:3      | Reached XP level 5. HP: 16/27 MP: 6/6
  1779 | D:3      | Reached ***** piety under Uskayaw
  1848 | D:3      | Reached XP level 6. HP: 6/32 MP: 2/7
  1999 | D:3      | Found a bloodstained altar of Trog.
  2343 | D:4      | Noticed a black bear
  2350 | D:4      | Slain by an ogre

Illustrated notes

Levels and vault maps discovered:
D:1:      lightli_arrival_lavapool, layout_loops_corners,
          hellmonk_ecumenical_altar_pennies_from_heaven,
          wander_ebering_terrifying_dragon_lair
D:2:      layout_basic, hex_medium
D:3:      layout_rooms, lemuel_tele_altar, portal_sewer_entry_e
D:4:      layout_cave_pools, serial_shops, nicolae_shop_advertising_works
          [nicolae_subvault_shop_adworks], uniq_sigmund

Skill      XL: |  1  2  3  4  5  6 |
---------------+-------------------+-----
Fighting       | 2 3 |  3.0
Short Blades   | 3 |  3.7
Shields        | 1 2 |  2.3
Armour         | 1 |  1.9
Dodging        | 3 |  3.3
Throwing       | |  1.7
Invocations    | |  0.6

Action                   |  1- 3 |  4- 6 || total
-------------------------+-------+-------++-------
Melee: Rapier            |   114 |   167 ||   281
       Bite              |    20 |    45 ||    65
       Punch             |       |     3 ||     3
  Use: Scroll            |     7 |     4 ||    11
 Stab: Paralysed         |     1 |     4 ||     5
       Sleeping          |     1 |       ||     1
Armor: Leather armour    |    22 |       ||    22
       Chain mail        |    15 |    78 ||    93
Dodge: Dodged            |    53 |    65 ||   118

Table legend: (Time is in decaauts)
 A = Elapsed time spent in this place.
 B = Non-inter-level travel time spent in this place.
 C = Inter-level travel time spent in this place.
 D = Time resting spent in this place.
 E = Time spent auto-exploring this place.
 F = Levels seen in this place.
 G = Mean time per level.
                   A        B        C        D        E       F      G
               +--------+--------+--------+--------+--------+-----+--------+
         Total |   2365 |   2305 |     60 |      0 |   1766 |   4 |  591.2 |
       Dungeon |   2365 |   2305 |     60 |      0 |   1766 |   4 |  591.2 |
               +--------+--------+--------+--------+--------+-----+--------+

Top non-repeatable levels by time:
     D:1: 951 daAuts
     D:2: 726 daAuts
     D:3: 673 daAuts
     D:4: 14 daAuts
